 Dungeon Crawl Stone Soup version 0.25-a0-44-g29a1220a87 (webtiles) character file.

Game seed: 14620233738245073893, levelgen mode: deterministic

26 Iscandelvey the Vexing (level 2, 21/21 HPs)
             Began as a Demonspawn Arcane Marksman on Oct 23, 2019.
             Quit the game on level 1 of the Dungeon on Oct 25, 2019.
             The game lasted 00:00:51 (675 turns).

Iscandelvey the Vexing (Demonspawn Arcane Marksman)  Turns: 675, Time: 00:00:52

Health: 21/21      AC:  4    Str: 10    XL:     2   Next: 89%
Magic:  3/3        EV: 12    Int: 14    God:
Gold:   88         SH:  0    Dex: 13    Spells: 2/3 levels left

rFire    . . .     SeeInvis .   a - +0 hunting sling
rCold    . . .     Gourm    .   (no shield)
rNeg     . . .     Faith    .   e - +0 robe
rPois    .         Spirit   .   (no helmet)
rElec    .         Reflect  .   (no cloak)
rCorr    .         Harm     .   (no gloves)
MR       .....                  (no boots)
Stlth    +.........             (no amulet)
HPRegen  0.07/turn              (no ring)
MPRegen  0.08/turn              (no ring)

@: no status effects
A: molten scales 1
a: no special abilities


You were on level 1 of the Dungeon.
You were not hungry.

You visited 1 branch of the dungeon, and saw 1 of its levels.

You collected 88 gold pieces.

Inventory:

Hand Weapons
 a - a +0 hunting sling (weapon)
Missiles
 c - 34 stones
 d - 37 sling bullets (quivered)
Armour
 e - a +0 robe (worn)
Scrolls
 b - 2 scrolls of teleportation {unknown}
 h - a scroll of identify {unknown}
Potions
 g - a potion of lignification {unknown}
 i - a potion of mutation {unknown}
Comestibles
 f - 4 rations


   Skills:
 + Level 1.3 Fighting
 + Level 2.2 Slings
 + Level 2.1 Dodging
 + Level 1.0 Spellcasting
 + Level 3.4 Hexes


You had 2 spell levels left.
You knew the following spells:

 Your Spells              Type           Power        Failure   Level  Hunger
a - Corona                Hex            ##.....      6%          1    ##.....

Your spell library contained the following spells:

 Spells                   Type           Power        Failure   Level  Hunger
 Slow                     Hex            ##......     10%         2    ###....
 Inner Flame              Hex/Fire       #.......     36%         3    ####...
 Portal Projectile        Hex/Tloc       #.....       36%         3    ####...
 Cause Fear               Hex            ##........   54%         4    #####..
 Leda's Liquefaction      Hex/Erth       #.........   78%         4    #####..


Dungeon Overview and Level Annotations

Branches:
Dungeon (1/15)

Altars:


Innate Abilities, Weirdness & Mutations

You are partially covered in molten scales. (AC +2)


Message History

You shoot a sling bullet.
The sling bullet hits the giant cockroach.
You kill the giant cockroach!
d - 37 sling bullets (gained 2)
Things that are here:
a giant cockroach corpse; a hobgoblin corpse Partly explored, can't reach some places.
No target in view!
Partly explored, can't reach some places.
No target in view!
Partly explored, can't reach some places.
No target in view!
Partly explored, can't reach some places.
(D) Dungeon
Where to? (? - help)
Okay, then.
Welcome back, Iscandelvey the Demonspawn Arcane Marksman.
Press ? for a list of commands and other information.
Partly explored, can't reach some places.
Are you sure you want to abandon this character and quit the game? (Confirm with "yes".)

## #.........#..# #.# .#
#########....# #.# .###
##.#.# #.#
...###########.#.# #.#
.............#.#.#########.#
...#########.#.............#
...# #......#####.#(#######
...#
#######....####.###.......
...#
#........@.÷.....#.#######
...# #.#####..#.######.##
...# #.# ##.#.# ### ## ...#
#.# #.#.### ###≈ [..# #.#
#.#...# ##≈≈≈ #..# #.#
#.###.# #§≈≈# #..## #.# #.#
#.# #≈≈≈≈ #...# #.# #.# #.#
#§≈≈≈§ ##..## #.# #.# #.#
#§§§≈§


There were no monsters in sight!

Vanquished Creatures
  A dart slug (D:1)
  A leopard gecko (D:1)
  2 ball pythons (D:1)
  A giant cockroach (D:1)
  3 goblins (D:1)
  3 hobgoblins (D:1)
  3 jackals (D:1)
  4 bats (D:1)
  4 rats (D:1)
22 creatures vanquished.

Notes
Turn   | Place    | Note
-------+----------+-------------------------------------------
     0 | D:1      | Iscandelvey the Demonspawn Arcane Marksman began the quest
                  | for the Orb.
     0 | D:1      | Reached XP level 1. HP: 15/15 MP: 2/2
   292 | D:1      | Gained mutation: You are partially covered in molten
                  | scales. (AC +2) [demonic ancestry]
   292 | D:1      | Reached XP level 2. HP: 20/21 MP: 3/3
   675 | D:1      | Quit the game

Levels and vault maps discovered:
D:1:      lightli_molten_gateway, layout_loops_ring

Skill      XL: |  1 |
---------------+----+-----
Dodging        | 2 |  2.1
Slings         | 2 |  2.2
Fighting       | |  1.3
Spellcasting   | |  1.0
Hexes          | |  3.4

Action                   || total
-------------------------++-------
 Fire: Hunting sling     ||    45
Armor: Robe              ||     3
Dodge: Dodged            ||     5

Table legend:
 A = Non-vault XP
 B = Vault XP
 C = Vault XP percentage of total XP
 D = Non-vault monster count
 E = Vault monster count
 F = Vault count percentage of total count
                 A         B        C        D         E       F
            +---------+---------+-------+---------+---------+-------
      Total |      38 |       0 |   0.0 |      22 |       0 |   0.0
            +---------+---------+-------+---------+---------+-------
        D:1 |      38 |       0 |   0.0 |      22 |       0 |   0.0
            +---------+---------+-------+---------+---------+-------
